Map: Tours du crépuscule

Players

Bazyl

  • Race: Terran Terran

pupu - Winner!

  • Race: Protoss Protoss
  • League: Silver

VOD

Have the link to the VOD?

Description

Time

  • Played on: April 7, 2016, 10:45 a.m.
  • Length: 7:32
Show
View Real Time Build Order
Export as new Build Order

Bazyl Terran 

Build Orders:  

Get SALT Encoding   

  12  0:19  Engineering Bay  
  12  0:39  Supply Depot  
  12  0:55  Supply Depot  
  12  1:07  Barracks  
  13  1:18  SCV  
  13  1:24  Refinery  
  13  1:42  Missile Turret  
  13  1:53  Barracks  
  13  1:54  SCV  
  14  2:06  SCV  
  15  2:08  Bunker  
  15  2:21  Marine  
  16  2:34  SCV  
  17  2:39  Marine  
  18  2:46  SCV  
  19  2:55  Barracks Reactor  
  19  3:04  Missile Turret  
  19  3:13  Bunker  
  19  3:20  Barracks Tech Lab  
  19  3:27  SCV  
  20  3:35  Refinery  
  20  3:36  Marine x2  
  22  3:43  Marauder  
  24  3:52  Barracks  
  24  4:09  Factory  
  24  4:20  Marauder  
  24  4:21  Marine  
  24  4:22  Marine  
  28  4:33  Barracks  
  28  4:37  SCV  
  29  4:46  Barracks Reactor  
  29  4:49  SCV  
  29  4:51  Reaper  
  31  5:06  Supply Depot  
  31  5:19  Factory Tech Lab  
  31  5:23  Marine, Barracks Reactor  
  31  5:25  Marine  
  31  5:28  Marine x2  
Show
View Real Time Build Order
Export as new Build Order

pupu Protoss - Winner!

Build Orders:  

Get SALT Encoding   

  12  0:01  Probe (Chrono Boost)  
  13  0:11  Probe (Chrono Boost)  
  14  0:17  Pylon  
  14  0:22  Probe (Chrono Boost)  
  15  0:36  Probe (Chrono Boost)  
  15  0:38  Gateway  
  16  0:46  Probe (Chrono Boost)  
  16  0:48  Assimilator  
  18  0:57  Probe (Chrono Boost), Assimilator  
  18  1:07  Probe (Chrono Boost)  
  19  1:18  Probe (Chrono Boost)  
  20  1:28  Probe (Chrono Boost)  
  21  1:36  Cybernetics Core  
  21  1:39  Probe (Chrono Boost)  
  22  1:59  Nexus  
  22  2:03  Probe (Chrono Boost)  
  23  2:08  Pylon  
  23  2:13  Warp Gate (Chrono Boost)  
  23  2:14  Twilight Council  
  23  2:26  Probe  
  24  2:38  Probe, Robotics Facility  
  25  2:49  Stalker  
  28  2:56  Mothership Core  
  29  3:12  Gateway  
  29  3:13  Gateway  
  29  3:24  Charge (Chrono Boost)  
  29  3:31  Probe x2  
  31  3:42  Pylon  
  31  3:46  Zealot  
  33  3:52  Warp Prism  
  33  3:55  Probe  
  36  3:57  Probe  
  37  4:05  Gateway  
  37  4:07  Probe  
  38  4:25  Pylon  
  38  4:26  Probe x2  
  40  4:34  Gateway  
  40  4:40  Probe x2  
  42  4:47  Gateway  
  42  4:52  Probe x2  
  44  5:03  Zealot  
  44  5:04  Probe x2, Zealot x2  
  44  5:05  Zealot  
  54  5:24  Zealot x3  
  54  5:25  Zealot  
  56  5:57  Pylon  
  56  6:00  Pylon  
  56  6:03  Immortal (Chrono Boost)  
  56  6:04  Pylon  
  56  6:07  Pylon  
  56  6:10  Forge  
  56  6:22  Probe x2  
  56  6:24  Zealot  
  56  6:25  Zealot x3  
  60  6:42  Immortal (Chrono Boost)  
  64  6:48  Pylon  
  62  7:12  Stalker x4  
  62  7:13  Stalker  
Tags
 
Add a new tag
Caveats
  • Supply blocks, unpowered buildings, or Contaminate may cause inaccurate times.
  • Supply counts are checked every 10 seconds.